 Dungeon Crawl Stone Soup version 0.29.1-1-gd02db6906a (webtiles) character file.

Game seed: 15756781811830220932

4 H0rd4k the Charlatan (level 1, -2/15 HPs)
             Began as a Human Artificer on Oct 13, 2022.
             Slain by a kobold
             ... wielding a +0 whip
              (3 damage)
             ... on level 1 of the Dungeon.
             The game lasted 00:00:13 (198 turns).

H0rd4k the Charlatan (Human Artificer)               Turns: 198, Time: 00:00:14

Health: -2/15      AC:  3    Str: 12    XL:     1   Next: 66%
Magic:  1/1        EV: 11    Int: 11    God:
Gold:   0          SH:  0    Dex: 13    Spells: 0/0 levels left

rFire   . . .      SeeInvis .   a - +0 club
rCold   . . .      Faith    .   (no shield)
rNeg    . . .      Spirit   .   b - +0 leather armour
rPois   .          Reflect  .   (no helmet)
rElec   .          Harm     .   (no cloak)
rCorr   .          Rampage  .   (no gloves)
Will    .....                   (no boots)
Stlth   +.........              (no amulet)
HPRegen 0.05/turn               (no ring)
MPRegen 0.07/turn               (no ring)

@: no status effects
A: no striking features
a: no special abilities


You were on level 1 of the Dungeon.
You visited 1 branch of the dungeon, and saw 1 of its levels.

Inventory:

Hand Weapons
 a - a +0 club (weapon)
Armour
 b - a +0 leather armour (worn)
Wands
 c - a wand of flame (15) (quivered)
 d - a wand of charming (15)
 e - a wand of iceblast (5)
Scrolls
 f - a scroll of identify {unknown}


   Skills:
 + Level 1.2 Fighting
 + Level 0.4 Maces & Flails
 - Level 2.0 Armour
 + Level 1.1 Dodging
 - Level 1.0 Stealth
 - Level 3.0 Evocations


You couldn't memorise any spells.
You didn't know any spells.
Your spell library was empty.

Dungeon Overview and Level Annotations

Branches:
Dungeon (1/15)

Altars:


Message History

Things that are here:
a ball python corpse; a frilled lizard corpse Key pressed, stopping explore.
HP restored.
A bat comes into view.
A bat is nearby!
A bat is nearby!
A kobold comes into view. It is wielding a +0 whip.
You barely miss the bat. The bat misses you. The bat closely misses you.
The bat hits you but does no damage.
You barely miss the bat. The bat misses you.
The kobold shouts!
The bat hits you. The bat hits you.
You hit the bat.
You kill the bat!
A goblin comes into view. It is wielding a +0 club.
The kobold completely misses you.
You closely miss the kobold. The kobold barely misses you. x2
You barely miss the kobold. The kobold misses you.
There are monsters nearby!
There are monsters nearby!
The kobold attacks as you move away! The kobold closely misses you.
The goblin shouts!
The kobold attacks as you move away! The kobold hits you but does no damage.
You barely miss the kobold. The kobold hits you with a +0 whip.
You closely miss the kobold. The kobold hits you but does no damage.
The kobold hits you with a +0 whip.
You hit the kobold but do no damage. The kobold closely misses you.
You barely miss the kobold. The kobold hits you with a +0 whip.
* * * LOW HITPOINT WARNING * * *
You hit the kobold.
The kobold is severely wounded.
The kobold hits you but does no damage.
You hit the kobold but do no damage.
The kobold is severely wounded.
The kobold hits you with a +0 whip.
* * * LOW HITPOINT WARNING * * *
The kobold hits you with a +0 whip.
You die...

#......... ...
#........##..... .#..
#........#.............
#........#.............
#........#...(.#.......
.............[.........
#......g.#..#..#.......
##...##K##.#...........
#....#@#..#...#.......
... #......####........
.. ##...........#######
. .##...........#......
#.....##†###.........
......#.....##.....#..
......##.<.....#....#..
.......#.....##.....#..
.##.....##.###.........


You could see a goblin and a kobold.

Vanquished Creatures
  A bat (D:1)
  A ball python (D:1)
  A frilled lizard (D:1)
  2 rats (D:1)
5 creatures vanquished.

Notes
Turn   | Place    | Note
-------+----------+-------------------------------------------
     0 | D:1      | H0rd4k the Human Artificer began the quest for the Orb.
     0 | D:1      | Reached XP level 1. HP: 15/15 MP: 1/1
   198 | D:1      | Slain by a kobold

Illustrated notes

Levels and vault maps discovered:
D:1:      erik_arrival_blinker_ship, layout_rooms,
          hellmonk_ecumenical_altar_leap_of_faith

Action                   || total
-------------------------++-------
Melee: Club              ||    21
Armor: Leather armour    ||     8
Dodge: Dodged            ||    20
